 Dungeon Crawl Stone Soup version 0.32-a0-30-gefbe487952 (webtiles) character file.

Game seed: 15579958014650719829

409 Sobieck the Ducker (level 6, -4/48 HPs)
             Began as a Spriggan Berserker on Jan 19, 2024.
             Was a Believer of Trog.
             Killed from afar by Ijyb (20 damage)
             ... with a bolt of light
             ... on level 3 of the Dungeon.
             The game lasted 00:09:46 (3225 turns).

Sobieck the Ducker (Spriggan Berserker)             Turns: 3225, Time: 00:09:46

Health: -4/48      AC:  3    Str: 13    XL:     6   Next: 58%
Magic:  7/7        EV: 19    Int:  9    God:    Trog [**....]
Gold:   185        SH:  0    Dex: 16    Spells: 5/5 levels left

rFire   . . .        a - +0 short sword
rCold   . . .        (no shield)
rNeg    . . .        e - +0 animal skin
rPois   .            (helmet restricted)
rElec   .            b - +0 cloak
rCorr   .            (gloves unavailable)
SInv    +            (boots unavailable)
Will    +....        (no amulet) Stlth
                     (no ring)
HPRegen 0.28/turn    (no ring)
MPRegen 0.10/turn

%: no passive effects
@: confused, berserking, very quick
A: very small, no large weapons, unfitting armour, see invisible, speed 3
a: Renounce Religion, Berserk, Trog's Hand


You were on level 3 of the Dungeon.
You worshipped Trog.
Trog was pleased with you.
You visited 1 branch of the dungeon, and saw 3 of its levels.

You collected 185 gold pieces.

Inventory:

Hand Weapons
 a - a +0 short sword (weapon)
Missiles
 j - 34 stones (quivered)
 t - 12 boomerangs
Armour
 b - a +0 cloak (worn)
 e - a +0 animal skin (worn)
Talismans
 g - a maw talisman
Scrolls
 c - a scroll of fear {unknown}
 d - a scroll of enchant weapon {unknown}
Potions
 f - a potion of might
 h - a potion of brilliance
 Q - 3 potions of curing


   Skills:
 + Level 3.5 Fighting
 + Level 4.7 Short Blades
 + Level 5.5 Dodging
 + Level 4.4 Stealth
 + Level 3.7 Evocations


You had 5 spell levels left.
You didn't know any spells.
Your spell library was empty.

Dungeon Overview and Level Annotations

Branches:
Dungeon (3/15)

Altars:
Ashenzari
Fedhas
Hepliaklqana
Makhleb
Nemelex Xobeh

Annotations:
D:3 3 runed translucent doors, Ijyb; Krumphau's ghost, amateur DsMo


Innate Abilities, Weirdness & Mutations

You are very small and have problems with some larger weapons.
You are too small for most types of armour.
You have supernaturally acute eyesight. (SInv)
You cover ground extremely quickly. (Speed+++)


Message History

The helpless dart slug fails to defend itself.
You impale the dart slug!!
You kill the dart slug!
Trog accepts your kill.
No target in view!
No target in view!
Found a runed translucent gate.
The orc shouts!
The orc shouts! x3
Krumphau's ghost turns its malevolent gaze towards you.
You hear a shout! x2; The orc shouts!
Ijyb the Twisted Goblin comes into view.
She is wielding a +0 club and carrying a wand of light.
Krumphau's ghost says, "You can run, but you can't hide!"
The orc shouts!
You closely miss Ijyb.
Ijyb screams, "It's all mine!"
Ijyb zaps a wand.
The bolt of light hits you!!
Ouch! That really hurt!
A red film seems to cover your vision as you go berserk!
You feel yourself moving faster!
You feel mighty!
The orc shouts!
Ijyb completely misses you.
You puncture Ijyb!
Ijyb is moderately wounded.
You hit Ijyb but do no damage.
Ijyb is moderately wounded.
Ijyb hits you but does no damage.
You hit Ijyb but do no damage.
Ijyb is moderately wounded.
You closely miss Ijyb.
Ijyb is moderately wounded.
Ijyb screams, "You nasty!
Big nasty!"
Ijyb misses you.
You hit Ijyb but do no damage.
Ijyb is moderately wounded.
You hit Ijyb but do no damage.
Ijyb is moderately wounded.
Ijyb completely misses you.
You puncture Ijyb!
Ijyb is severely wounded.
You hit Ijyb.
Ijyb is severely wounded.
Ijyb hits you with a +0 club.
You hit Ijyb.
Ijyb is severely wounded.
You barely miss Ijyb.
Ijyb is severely wounded.
Ijyb zaps a wand.
The bolt of light hits you!!
You are confused.
You die...

### ..# #.## #### #..# #######
...#####..# #.....##########
..........# #..............#
...#####..# #..............#
...#####..###..g@..........#
...##.......#..............#
#.###......................#####
#.###....8.............8.......#
.........######+++######.......#
#.###....#......ooooo..#.......#
..# #....#....#####....#..######
..# #....#.###.ooo.###.#..#
....+..).# 8#..8o.#8#.#..####


You could see Ijyb and 8 orcs.

Vanquished Creatures
  Grinder (D:2)
  Terence (D:3)
  Jessica (D:2)
  2 adders (D:2)
  4 gnolls
  2 dart slugs
  A ribbon worm (D:3)
  3 orcs
  11 ball pythons
  5 bats
  7 endoplasms
  3 giant cockroaches (D:1)
  7 goblins
  10 hobgoblins
  3 jackals
  6 kobolds
  5 quokkas
  10 frilled lizards
  8 rats
90 creatures vanquished.

Notes
Turn   | Place    | Note
-------+----------+-------------------------------------------
     0 | D:1      | Sobieck the Spriggan Berserker began the quest for the Orb.
     0 | D:1      | Reached XP level 1. HP: 11/11 MP: 2/2
    17 | D:1      | Found a faded altar of an unknown god.
   197 | D:1      | Reached skill level 1 in Stealth
   242 | D:1      | Reached XP level 2. HP: 16/16 MP: 3/3
   282 | D:1      | Reached skill level 1 in Evocations
   584 | D:1      | Reached XP level 3. HP: 19/19 MP: 4/4
   637 | D:1      | Reached ** piety under Trog
   792 | D:2      | Found a broken altar of Ashenzari.
   981 | D:2      | Noticed Jessica
  1048 | D:2      | Killed Jessica
  1049 | D:2      | Reached XP level 4. HP: 23/23 MP: 5/5
  1774 | D:2      | Reached skill level 3 in Stealth
  1848 | D:2      | Reached skill level 3 in Fighting
  1976 | D:2      | Reached XP level 5. HP: 15/28 MP: 6/6
  2353 | D:3      | Noticed Terence
  2358 | D:3      | Killed Terence
  2359 | D:3      | Reached skill level 5 in Dodging
  2446 | D:3      | Found a hazy altar of Hepliaklqana.
  2499 | D:3      | Noticed Grinder
  2500 | D:3      | Found a sparkling altar of Nemelex Xobeh.
  2631 | D:2      | Paralysed by Grinder for 3 turns
  2637 | D:2      | Killed Grinder
  2638 | D:2      | Reached skill level 3 in Evocations
  2638 | D:2      | Reached XP level 6. HP: 23/32 MP: 7/7
  2901 | D:3      | Found a runed translucent gate.
  2904 | D:3      | Noticed Krumphau's ghost (amateur DsMo)
  2928 | D:3      | Found a blossoming altar of Fedhas.
  3160 | D:3      | Found a burning altar of Makhleb.
  3205 | D:3      | Found a runed translucent gate.
  3206 | D:3      | Found a runed translucent gate.
  3208 | D:3      | Noticed Ijyb
  3225 | D:3      | Killed from afar by Ijyb

Illustrated notes

Levels and vault maps discovered:
D:1:      amcnicky_arrival_wind_blow, layout_rooms,
          ebering_ecumenical_altar_ruins
D:2:      layout_rooms, basic_altar, nicolae_elevator_lobby_plus, uniq_jessica
D:3:      layout_basic, lemuel_doored_altar, worldfamousw_hep_ancestral_shrine,
          nicolae_overflow_squiral, biasface_ghost_orc_armoury,
          minmay_lizard_king, uniq_ijyb, uniq_robin, uniq_terence, uniq_grinder

Skill      XL: |  1  2  3  4  5 |
---------------+----------------+-----
Stealth        | 1 2 3 4 |  4.4
Evocations     | 1 2 3 |  3.7
Short Blades   | 4 |  4.7
Fighting       | 3 |  3.5
Dodging        | 5 |  5.5

Action                     |  1- 3 |  4- 6 || total
---------------------------+-------+-------++-------
  Melee: Short sword       |   183 |   256 ||   439
         Punch             |     1 |     2 ||     3
  Throw: Stone             |       |     9 ||     9
 Invoke: Berserk           |     2 |    10 ||    12
    Use: Scroll            |     4 |     2 ||     6
         Potion            |       |     2 ||     2
   Stab: Sleeping          |     3 |     4 ||     7
         Distracted        |       |     1 ||     1
 Armour: Animal skin       |    55 |    62 ||   117
  Dodge: Dodged            |   154 |   164 ||   318

Table legend: (Time is in decaauts)
 A = Elapsed time spent in this place.
 B = Non-inter-level travel time spent in this place.
 C = Inter-level travel time spent in this place.
 D = Time resting spent in this place.
 E = Time spent auto-exploring this place.
 F = Levels seen in this place.
 G = Mean time per level.
                   A        B        C        D        E       F      G
               +--------+--------+--------+--------+--------+-----+--------+
         Total |   2468 |   2422 |     46 |    574 |    839 |   3 |  822.7 |
       Dungeon |   2468 |   2422 |     46 |    574 |    839 |   3 |  822.7 |
               +--------+--------+--------+--------+--------+-----+--------+

Top non-repeatable levels by time:
     D:2: 969 daAuts
     D:1: 811 daAuts
     D:3: 687 daAuts
